 Dungeon Crawl Stone Soup version 0.28.0 (webtiles) character file.

Game seed: 2380037255451329646

1040 fragbeetle the Chopper (level 8, -4/49 (56) HPs)
             Began as a Demonspawn Gladiator on Feb 13, 2022.
             Was a Priest of Makhleb.
             Slain by an orc warrior (9 damage)
             ... on level 6 of the Dungeon.
             The game lasted 00:11:32 (5614 turns).

fragbeetle the Chopper (Demonspawn Gladiator)       Turns: 5614, Time: 00:11:32

HP:   -4/49 (56)    AC: 11    Str: 16    XL:     8   Next: 4%
MP:   8/8           EV: 10    Int: 10    God:    Makhleb [***...]
Gold: 215           SH:  4    Dex: 15    Spells: 7/7 levels left

rFire   . . .      SeeInvis .   r - +3 spear
rCold   . . .      Faith    .   (no shield)
rNeg    . . .      Spirit   .   i - +0 scale mail
rPois   .          Reflect  .   l - +2 hat
rElec   .          Harm     .   g - +0 cloak
rCorr   .          Rampage  .   y - +0 pair of gloves
Will    .....                   (no boots)
Stlth   ..........              (no amulet)
HPRegen 0.16/turn               (no ring)
MPRegen 0.11/turn               (no ring)

@: flying, heavily drained
A: sharp scales 1, condensation shield, demonic magic 1
a: Renounce Religion, Minor Destruction, Lesser Servant of Makhleb


You were on level 6 of the Dungeon.
You worshipped Makhleb.
Makhleb was most pleased with you.
You visited 1 branch of the dungeon, and saw 6 of its levels.
You also visited: Sewer.

You collected 215 gold pieces.

Inventory:

Hand Weapons
 a - a +0 war axe
 r - a +3 spear (weapon)
 s - a +0 vorpal spear
Missiles
 d - 3 throwing nets (quivered)
 w - a datura-tipped dart
Armour
 c - a +0 helmet
 f - a +0 ring mail
 g - a +0 cloak (worn)
 i - a +0 scale mail (worn)
 l - a +2 hat (worn)
 y - a +0 pair of gloves (worn)
Jewellery
 u - a ring of positive energy
 x - an amulet of guardian spirit
Scrolls
 b - a scroll of blinking
 h - 2 scrolls of noise
 k - a scroll of identify
 p - 2 scrolls of enchant armour
 q - 2 scrolls of amnesia {unknown}
 A - a scroll of silence {unknown}
Potions
 n - a potion of invisibility
 o - a potion of lignification {unknown}
 t - a potion of berserk rage {unknown}
 z - a potion of curing {unknown}


   Skills:
 - Level 2.0 Fighting
 - Level 7.5(8.2) Axes
 + Level 4.6(6.7) Polearms
 - Level 1.7 Throwing
 - Level 2.6 Dodging


You had 7 spell levels left.
You didn't know any spells.
Your spell library contained the following spells:

 Spells                   Type           Power      Damage    Failure   Level
 Blink                    Tloc           0%         N/A       91%         2
 Corpse Rot               Necr/Air       0%         N/A       91%         2
 Poisonous Vapours        Pois/Air       0%         N/A       91%         2
 Sublimation of Blood     Necr           0%         N/A       91%         2
 Conjure Flame            Conj/Fire      0%         6-21      99%         3
 Ignite Poison            Fire/Tmut/Pois 0%         N/A       99%         3
 Lesser Beckoning         Tloc           0%         N/A       99%         3
 Petrify                  Tmut/Erth      0%         N/A       100%        4
 Sticky Flame             Conj/Fire      0%         2d3       100%        4
 Fireball                 Conj/Fire      0%         3d3       100%        5
 Irradiate                Conj/Tmut      0%         3d13      100%        5
 Manifold Assault         Tloc           0%         N/A       100%        5
 Starburst                Conj/Fire      0%         6d3       100%        6
 Ignition                 Fire           0%         3d3       100%        8


Dungeon Overview and Level Annotations

Branches:
Dungeon (6/15)              Sewer (visited)
 Temple: D:4-7

Altars:
Makhleb

Shops:
D:1 (   D:2 [   D:4 (

Annotations:
D:2 Sigmund
D:4 Eustachio


Innate Abilities, Weirdness & Mutations

You are partially covered in razor-sharp scales. (AC +1, Slay +1)
A meltable shield of frost defends you. (SH +4)
Spells you cast may paralyse adjacent enemies.


Message History

You kill the orc!
Makhleb accepts your kill.
You feel better.
The orc warrior hits you from afar with a +0 trident.
The orc warrior barely misses you.
You see here a +0 short sword.
The orc warrior hits you with a +0 trident!
An orc comes into view. It is wielding a +0 club.
You closely miss the orc warrior.
The orc shouts!
The orc warrior hits you with a +0 trident!
* * * LOW HITPOINT WARNING * * *
You hit the orc warrior but do no damage.
You block the orc warrior's attack.
Okay, then.
Okay, then.
Unknown command.
You aren't carrying any items that you can evoke.
Unknown command.
You hit the orc warrior.
The orc warrior is lightly wounded.
You hit the orc warrior.
You punch the orc warrior, but do no damage.
The orc warrior is moderately wounded.
The orc warrior closely misses you.
You closely miss the orc warrior.
The orc warrior is moderately wounded.
The orc warrior closely misses you.
You barely miss the orc warrior.
The orc warrior is moderately wounded.
The orc warrior hits you but does no damage.
You hit the orc warrior but do no damage.
The orc warrior is moderately wounded.
You closely miss the orc warrior.
The orc warrior is moderately wounded.
The orc warrior misses you.
You completely miss the orc warrior.
The orc warrior is moderately wounded.
The orc warrior hits you with a +0 trident!
You die...

.. ..## ....#
.....## .......###
### .........####
##.#
............####<##
......).......#.)#
..............o@##
..............o##
.........^....##
#######.....###
#######


You could see an orc warrior and an orc.

Vanquished Creatures
  2 ogres (D:4)
  A kobold brigand (D:4)
  2 bullfrogs (Sewer)
  A scorpion (D:5)
  A water moccasin skeleton (D:5)
  A hound (D:5)
  A jelly (D:4)
  An orc priest (D:4)
  Natasha (thrice) (D:2)
  Jessica (D:3)
  4 orc wizards
  A howler monkey skeleton (D:3)
  10 adders
  A white imp (D:3)
  An ufetubus (D:5)
  An adder skeleton (D:5)
  2 worms
  3 dart slugs
  12 orcs
  7 endoplasms
  15 giant cockroaches
  7 goblins
  7 hobgoblins
  11 jackals
  11 quokkas
  7 ball pythons
  8 bats
  7 frilled lizards
  8 kobolds
  9 rats
146 creatures vanquished.

Vanquished Creatures (collateral kills)
  A worm (D:4)
1 creature vanquished.

Vanquished Creatures (others)
  A rat (D:4)
  5 plants (D:6)
6 creatures vanquished.

Grand Total: 153 creatures vanquished

Notes
Turn   | Place    | Note
-------+----------+-------------------------------------------
     0 | D:1      | fragbeetle the Demonspawn Gladiator began the quest for the
                  | Orb.
     0 | D:1      | Reached XP level 1. HP: 16/16 MP: 1/1
    62 | D:1      | Reached skill level 3 in Axes
   273 | D:1      | Gained mutation: A meltable shield of frost defends you.
                  | (SH +4) [demonic ancestry]
   273 | D:1      | Reached XP level 2. HP: 22/22 MP: 2/2
   369 | D:1      | Found Duentuwk's Antique Weapon Shoppe.
  1016 | D:2      | Noticed Natasha
  1026 | D:2      | Noticed a crimson imp
  1026 | D:2      | Killed Natasha
  1027 | D:2      | Reached skill level 4 in Axes
  1027 | D:2      | Gained mutation: You are partially covered in razor-sharp
                  | scales. (AC +1, Slay +1) [demonic ancestry]
  1027 | D:2      | Reached XP level 3. HP: 10/27 MP: 3/3
  1074 | D:2      | Noticed Natasha
  1311 | D:2      | Killed Natasha
  1312 | D:2      | Gained mutation: Spells you cast may paralyse adjacent
                  | enemies. [demonic ancestry]
  1312 | D:2      | Reached XP level 4. HP: 27/33 MP: 4/4
  1368 | D:2      | Noticed Natasha
  1383 | D:2      | Killed Natasha
  1503 | D:2      | Reached skill level 5 in Axes
  1698 | D:2      | Found a burning altar of Makhleb.
  1740 | D:2      | Found Joraiw's Antique Armour Boutique.
  1744 | D:2      | Reached XP level 5. HP: 29/38 MP: 5/5
  1748 | D:2      | Became a worshipper of Makhleb the Destroyer
  1902 | D:2      | Found a faded altar of an unknown god.
  1978 | D:2      | Noticed Sigmund
  2313 | D:3      | Noticed Jessica
  2322 | D:3      | Killed Jessica
  2469 | D:3      | Reached * piety under Makhleb
  2506 | D:3      | Reached skill level 6 in Axes
  2912 | D:3      | Reached XP level 6. HP: 41/44 MP: 6/6
  3018 | D:4      | Noticed Eustachio
  3057 | D:4      | Found Talykhli's Weapon Boutique.
  3185 | D:4      | Found a glowing drain.
  3195 | Sewer    | Entered a sewer
  3366 | Sewer    | Reached ** piety under Makhleb
  3409 | Sewer    | Reached skill level 7 in Axes
  3656 | Sewer    | Reached XP level 7. HP: 28/50 MP: 7/7
  3972 | D:4      | Reached skill level 1 in Polearms
  4010 | D:5      | Entered Level 5 of the Dungeon
  4966 | D:5      | Reached *** piety under Makhleb
  5163 | D:5      | Reached XP level 8. HP: 44/49 MP: 8/8
  5273 | D:5      | Noticed a troll
  5614 | D:6      | Slain by an orc warrior

Illustrated notes

Levels and vault maps discovered:
D:1:      ncdulo_smallfort, layout_loops_ring, serial_shops, shop
D:2:      layout_loops_ring, serial_shops, shop, basic_altar,
          hellmonk_ecumenical_altar_heavens_door, uniq_natasha, uniq_sigmund
D:3:      minmay_chambers_of_threes, layout_basic, uniq_jessica
D:4:      layout_rooms, portal_sewer_entry_a, enter_ossuary_1, serial_shops,
          nicolae_shop_bloodbath_and_beyond, uniq_eustachio
D:5:      layout_basic
D:6:      layout_cave_pods, gammafunk_ghost_abyssal_escape, serial_bayou_ford_a

Skill      XL: |  1  2  3  4  5  6  7 |
---------------+----------------------+-----
Axes           | 3 4 5 6 7 |  7.5
Polearms       | 4 |  4.6
Fighting       | |  2.0
Throwing       | |  1.7
Dodging        | |  2.6

Action                   |  1- 3 |  4- 6 |  7- 9 || total
-------------------------+-------+-------+-------++-------
Melee: War axe           |    89 |   255 |     3 ||   347
       Punch             |       |     7 |     2 ||     9
       Spear             |       |       |   168 ||   168
Throw: Throwing net      |       |     1 |       ||     1
       Dart              |       |       |     8 ||     8
  Use: Potion            |       |     1 |     4 ||     5
       Scroll            |       |       |     4 ||     4
Armor: Leather armour    |    10 |       |       ||    10
       Ring mail         |    27 |   106 |     1 ||   134
       Scale mail        |       |       |    61 ||    61
Dodge: Dodged            |    53 |   140 |    64 ||   257
Block: Other             |    11 |    62 |    18 ||    91
